NCAA
SOUTH FLORIDA BULLS @ KANSAS JAYHAWKS
05/12/2025
 
TOP OF THE 1ST
South Florida Bulls batting - Pitching for Kansas Jayhawks : RHP Gerard Gustafson
Pitching: RHP Gerard Gustafson
Batting: RHB Dave Anderson 0-0: Ball
1-0: Ball
2-0: SINGLE (Line Drive, 89M)
Batting: RHB Keith Stimson 0-0: Ball
1-0: Ball
2-0: Called Strike
2-1: Swinging Strike
2-2: Ball
3-2: Foul Ball, location: 2F
3-2: Foul Ball, location: 2F
3-2: SINGLE (Flyball, 78S)
Dave Anderson to second
Batting: LHB Bob Bush 0-0: Ball
1-0: Ball
2-0: Called Strike
2-1: Ball
3-1: Base on Balls
Dave Anderson to third
Keith Stimson to second
Batting: RHB Mark Parker 0-0: Ball
1-0: Ball
2-0: Called Strike
2-1: GRAND SLAM HOME RUN (Flyball, 7D), Distance : 363 ft
Batting: RHB Leonardo Sinisterra 0-0: Ball
1-0: Called Strike
1-1: Ball
2-1: Foul Ball, location: 2F
2-2: Foul Ball, location: 2F
2-2: Fly out, F9 (Flyball, 9M)
Batting: SHB Michael Field 0-0: Ball
1-0: Swinging Strike
1-1: Called Strike
1-2: Foul Ball, location: 2F
1-2: Fly out, F9 (Line Drive, 9M)
Batting: LHB Weston Chaney 0-0: Fly out, F7 (Line Drive, 7M)
Top of the 1st over - 4 run(s), 3 hit(s), 0 error(s), 0 left on base; South Florida 4 - Kansas 0
BOTTOM OF THE 1ST
Kansas Jayhawks batting - Pitching for South Florida Bulls : RHP Ron Hannah
Pitching: RHP Ron Hannah
Batting: RHB Henry Morris 0-0: Fly out, F8 (Flyball, 8LM)
Batting: RHB John Stevens 0-0: Ball
1-0: Foul Ball, location: 2F
1-1: Ball
2-1: Ball
3-1: Base on Balls
Batting: SHB Rudy Ryan 0-0: Reached on error, E1 (Groundball, 15)
John Stevens to second
Batting: RHB Bill Wallace 0-0: Ball
1-0: Ball
2-0: Called Strike
2-1: Foul Ball, location: 2F
2-2: Foul Ball, location: 2F
2-2: Ball
3-2: Base on Balls
John Stevens to third
Rudy Ryan to second
Batting: LHB Victor Stuart 0-0: Ball
1-0: Grounds into double play, U6-3 (Groundball, 6)
Bottom of the 1st over - 0 run(s), 0 hit(s), 1 error(s), 2 left on base; South Florida 4 - Kansas 0
TOP OF THE 2ND
South Florida Bulls batting - Pitching for Kansas Jayhawks : RHP Gerard Gustafson
Batting: RHB Víctor Pérez Error on foul ball, E3
0-1: Ball
1-1: Swinging Strike
1-2: Ball
2-2: Ball
3-2: Base on Balls
Batting: RHB Millard Walker 0-0: Ball
1-0: Ball
2-0: Ball
3-0: Called Strike
3-1: Grounds into double play, 6-4-3 (Groundball, 6M)
Batting: RHB Dave Anderson 0-0: Called Strike
0-1: Foul Ball, location: 2F
0-2: Ball
1-2: Ground out 6-3 (Groundball, 6M)
Top of the 2nd over - 0 run(s), 0 hit(s), 1 error(s), 0 left on base; South Florida 4 - Kansas 0
BOTTOM OF THE 2ND
Kansas Jayhawks batting - Pitching for South Florida Bulls : RHP Ron Hannah
Batting: RHB Kyle Baylor 0-0: Ball
1-0: Ball
2-0: Called Strike
2-1: Ball
3-1: Base on Balls
Batting: RHB Gerard Gustafson 0-0: Called Strike
0-1: Swinging Strike
0-2: Ball
1-2: Strikes out swinging
Batting: RHB Nicholas Harris 0-0: Ball
1-0: Called Strike
Pickoff Throw to First - Error! E1
Kyle Baylor to second
1-1: Foul Ball, location: 2F
1-2: Foul Ball, location: 2F
1-2: Foul Ball, location: 2F
1-2: Ball
2-2: Ball
3-2: Base on Balls
Batting: RHB Ricardo Ruíz 0-0: Ball
1-0: Called Strike
1-1: Foul Ball, location: 2F
1-2: Strikes out looking
Batting: RHB Henry Morris 0-0: Ball
1-0: Swinging Strike
1-1: Called Strike
1-2: Strikes out looking
Bottom of the 2nd over - 0 run(s), 0 hit(s), 1 error(s), 2 left on base; South Florida 4 - Kansas 0
TOP OF THE 3RD
South Florida Bulls batting - Pitching for Kansas Jayhawks : RHP Gerard Gustafson
Batting: RHB Keith Stimson 0-0: Ball
1-0: Swinging Strike
1-1: Ball
2-1: Ball
3-1: Called Strike
3-2: Foul Ball, location: 2F
3-2: Strikes out swinging
Batting: LHB Bob Bush 0-0: Ball
1-0: Ball
2-0: Ball
3-0: Base on Balls
Batting: RHB Mark Parker 0-0: Ball
Bob Bush steals 2nd base
1-0: Ball
2-0: Ball
3-0: Called Strike
3-1: Base on Balls
Batting: RHB Leonardo Sinisterra 0-0: Ball
1-0: Fly out, F3 (Popup, 3SF)
Batting: SHB Michael Field 0-0: Ball
1-0: Reached on error, E4 (Groundball, 34)
Bob Bush to third
Mark Parker to second
Batting: LHB Weston Chaney 0-0: Ball
1-0: GRAND SLAM HOME RUN (Flyball, 89XD), Distance : 370 ft
Batting: RHB Víctor Pérez 0-0: Called Strike
0-1: Ball
1-1: Ball
2-1: Ball
3-1: Foul Ball, location: 2F
3-2: Foul Ball, location: 2F
3-2: Strikes out swinging
Top of the 3rd over - 4 run(s), 1 hit(s), 1 error(s), 0 left on base; South Florida 8 - Kansas 0
BOTTOM OF THE 3RD
Kansas Jayhawks batting - Pitching for South Florida Bulls : RHP Ron Hannah
Batting: RHB John Stevens 0-0: Ball
1-0: Called Strike
1-1: Fly out, F3 (Popup, 3SF)
Batting: SHB Rudy Ryan 0-0: Fly out, F6 (Popup, 6MD)
Batting: RHB Bill Wallace 0-0: Ball
1-0: Ball
2-0: Foul Ball, location: 2F
2-1: Called Strike
2-2: Foul Ball, location: 2F
2-2: Ball
3-2: Strikes out swinging
Bottom of the 3rd over - 0 run(s), 0 hit(s), 0 error(s), 0 left on base; South Florida 8 - Kansas 0
TOP OF THE 4TH
South Florida Bulls batting - Pitching for Kansas Jayhawks : RHP Gerard Gustafson
Pitching: RHP Hugh Robinson
Batting: RHB Millard Walker 0-0: Ball
1-0: Ball
2-0: Called Strike
2-1: SOLO HOME RUN (Flyball, 7D), Distance : 343 ft
Batting: RHB Dave Anderson 0-0: Ball
1-0: Ball
2-0: Ball
3-0: Called Strike
3-1: Called Strike
3-2: Strikes out swinging
Batting: RHB Keith Stimson 0-0: Ball
1-0: Called Strike
1-1: Ball
2-1: Foul Ball, location: 2F
2-2: Foul Ball, location: 2F
2-2: Ball
3-2: Base on Balls
Batting: LHB Bob Bush 0-0: Ball
1-0: Ball
2-0: Ball
3-0: Base on Balls
Keith Stimson to second
Batting: RHB Mark Parker 0-0: Foul Ball, location: 2F
0-1: Ball
1-1: Called Strike
1-2: Strikes out swinging
Batting: RHB Leonardo Sinisterra 0-0: Called Strike
0-1: Foul Ball, location: 2F
0-2: Strikes out swinging
Top of the 4th over - 1 run(s), 1 hit(s), 0 error(s), 2 left on base; South Florida 9 - Kansas 0
BOTTOM OF THE 4TH
Kansas Jayhawks batting - Pitching for South Florida Bulls : RHP Ron Hannah
Batting: LHB Victor Stuart 0-0: Foul Ball, location: 2F
0-1: Ball
1-1: Called Strike
1-2: Strikes out swinging
Batting: RHB Kyle Baylor 0-0: Ball
1-0: Foul Ball, location: 2F
1-1: Ball
2-1: SINGLE (Line Drive, 4M)
Batting: RHB Gerard Gustafson 0-0: Called Strike
0-1: Fly out, F9 (Flyball, 9S)
Batting: RHB Nicholas Harris 0-0: Ball
1-0: Ball
2-0: Fielders Choice at 2nd, 6-4 (Groundball, 6)
Bottom of the 4th over - 0 run(s), 1 hit(s), 0 error(s), 0 left on base; South Florida 9 - Kansas 0
TOP OF THE 5TH
South Florida Bulls batting - Pitching for Kansas Jayhawks : RHP Hugh Robinson
Batting: SHB Michael Field 0-0: Called Strike
0-1: Foul Ball, location: 2F
0-2: Ball
1-2: Strikes out swinging
Batting: LHB Weston Chaney 0-0: Ball
1-0: Ball
2-0: Ball
3-0: Called Strike
3-1: Foul Ball, location: 2F
3-2: SINGLE (Groundball, 5S) (infield hit)
Batting: RHB Víctor Pérez 0-0: Foul Ball, location: 2F
0-1: Ball
1-1: Ball
2-1: 2-RUN HOME RUN (Flyball, 7LD), Distance : 340 ft
Batting: RHB Millard Walker 0-0: Fly out, F8 (Flyball, 8RM)
Batting: RHB Dave Anderson 0-0: Foul Ball, location: 2F
0-1: Ball
1-1: Fly out, F7 (Flyball, 7M)
Top of the 5th over - 2 run(s), 2 hit(s), 0 error(s), 0 left on base; South Florida 11 - Kansas 0
BOTTOM OF THE 5TH
Kansas Jayhawks batting - Pitching for South Florida Bulls : RHP Ron Hannah
Batting: RHB Ricardo Ruíz 0-0: Foul Ball, location: 2F
0-1: Ball
1-1: Foul Ball, location: 2F
1-2: Fly out, F8 (Flyball, 8RM)
Batting: RHB Henry Morris 0-0: Ball
1-0: Ground out 5-3 (Groundball, 5S)
Batting: RHB John Stevens 0-0: Ball
1-0: Fly out, F7 (Flyball, 7M)
Bottom of the 5th over - 0 run(s), 0 hit(s), 0 error(s), 0 left on base; South Florida 11 - Kansas 0
TOP OF THE 6TH
South Florida Bulls batting - Pitching for Kansas Jayhawks : RHP Hugh Robinson
Batting: RHB Keith Stimson 0-0: Ball
1-0: Called Strike
1-1: Fly out, F9 (Flyball, 9M)
Batting: LHB Bob Bush 0-0: Ball
1-0: Ball
2-0: Called Strike
2-1: Ball
3-1: Foul Ball, location: 2F
3-2: SOLO HOME RUN (Flyball, 9D), Distance : 364 ft
Pitching: RHP Joe Rose
Batting: RHB Mark Parker 0-0: Ball
1-0: Ball
2-0: Swinging Strike
2-1: Foul Ball, location: 2F
2-2: Foul Ball, location: 2F
2-2: Strikes out swinging
Batting: RHB Leonardo Sinisterra 0-0: Ball
1-0: Fly out, F4 (Popup, 4D)
Top of the 6th over - 1 run(s), 1 hit(s), 0 error(s), 0 left on base; South Florida 12 - Kansas 0
BOTTOM OF THE 6TH
Kansas Jayhawks batting - Pitching for South Florida Bulls : RHP Ron Hannah
Batting: SHB Rudy Ryan 0-0: Called Strike
0-1: Ground out U3 (Groundball, 3L)
Batting: RHB Bill Wallace 0-0: Ball
1-0: Called Strike
1-1: Called Strike
1-2: Foul Ball, location: 2F
1-2: Ball
2-2: Strikes out swinging
Batting: LHB Victor Stuart 0-0: Ball
1-0: Foul Ball, location: 2F
1-1: Ball
2-1: SINGLE (Groundball, 6MD)
Pitching: LHP Michel Bachand
Batting: RHB Kyle Baylor 0-0: Fly out, F8 (Flyball, 8LM)
Bottom of the 6th over - 0 run(s), 1 hit(s), 0 error(s), 1 left on base; South Florida 12 - Kansas 0
TOP OF THE 7TH
South Florida Bulls batting - Pitching for Kansas Jayhawks : RHP Joe Rose
Batting: SHB Michael Field 0-0: Called Strike
0-1: Called Strike
0-2: Foul Ball, location: 2F
0-2: Ball
1-2: Ball
2-2: Strikes out swinging
Batting: LHB Weston Chaney 0-0: Fly out, F7 (Flyball, 7M)
Batting: RHB Víctor Pérez 0-0: SINGLE (Groundball, 4M)
Batting: RHB Millard Walker 0-0: Ball
1-0: Fly out, F8 (Flyball, 78D)
Top of the 7th over - 0 run(s), 1 hit(s), 0 error(s), 1 left on base; South Florida 12 - Kansas 0
BOTTOM OF THE 7TH
Kansas Jayhawks batting - Pitching for South Florida Bulls : LHP Michel Bachand
Batting: RHB Gerard Gustafson 0-0: SINGLE (Groundball, 56D)
Batting: RHB Nicholas Harris 0-0: Ball
1-0: Foul Ball, location: 2F
1-1: Called Strike
1-2: Foul Ball, location: 2F
1-2: Ball
2-2: Foul Ball, location: 2F
2-2: Ball
3-2: Strikes out swinging
Batting: RHB Ricardo Ruíz 0-0: Fielders Choice at 2nd, 1-6 (Groundball, 15)
Batting: RHB Henry Morris 0-0: Ball
1-0: Ball
2-0: SINGLE (Flyball, 78S)
Ricardo Ruíz to second
Batting: RHB John Stevens 0-0: Ball
1-0: Swinging Strike
1-1: Foul Ball, location: 2F
1-2: Fly out, F8 (Flyball, 8RM)
Bottom of the 7th over - 0 run(s), 2 hit(s), 0 error(s), 2 left on base; South Florida 12 - Kansas 0
TOP OF THE 8TH
South Florida Bulls batting - Pitching for Kansas Jayhawks : RHP Joe Rose
Batting: RHB Dave Anderson 0-0: Ball
1-0: Foul Ball, location: 2F
1-1: SINGLE (Flyball, 9LS)
Batting: RHB Keith Stimson 0-0: Fly out, F3 (Popup, 3SF)
Pitching: LHP John Claveau
Batting: LHB Bob Bush 0-0: Ball
1-0: Called Strike
1-1: Foul Ball, location: 2F
1-2: Ball
2-2: Foul Ball, location: 2F
2-2: Ball
3-2: Foul Ball, location: 2F
3-2: Foul Ball, location: 2F
3-2: Base on Balls
Dave Anderson to second
Batting: RHB Mark Parker 0-0: Called Strike
0-1: Called Strike
0-2: Strikes out swinging
Batting: RHB Leonardo Sinisterra 0-0: Ball
1-0: Ball
2-0: Fly out, F6 (Line Drive, 6)
Top of the 8th over - 0 run(s), 1 hit(s), 0 error(s), 2 left on base; South Florida 12 - Kansas 0
BOTTOM OF THE 8TH
Kansas Jayhawks batting - Pitching for South Florida Bulls : LHP Michel Bachand
Now at SS: Roberto Camacho
Batting: SHB Rudy Ryan 0-0: Called Strike
0-1: Called Strike
0-2: DOUBLE (Flyball, 7LM)
Pinch Runner at 2nd Jake Long:
Batting: RHB Bill Wallace 0-0: Ball
1-0: Ball
2-0: Ball
3-0: Base on Balls
Batting: LHB Victor Stuart 0-0: Called Strike
0-1: Foul Ball, location: 2F
0-2: Ball
1-2: Foul Ball, location: 2F
1-2: Fly out, F8 (Line Drive, 8LM)
Batting: RHB Kyle Baylor 0-0: Called Strike
0-1: SINGLE (Groundball, 6MD)
Jake Long to third
Bill Wallace to second
Runner from 3rd tries for Home, throw and OUT!
Bill Wallace to third
Kyle Baylor to second
Batting: RHB Gerard Gustafson 0-0: SINGLE (Line Drive, 8LS)
Bill Wallace scores
Kyle Baylor to third
Runner from 3rd tries for Home, SAFE, no throw or cutoff
Batting: RHB Nicholas Harris 0-0: Fly out, F8 (Flyball, 8LS)
Bottom of the 8th over - 2 run(s), 3 hit(s), 0 error(s), 1 left on base; South Florida 12 - Kansas 2
TOP OF THE 9TH
South Florida Bulls batting - Pitching for Kansas Jayhawks : LHP John Claveau
Now at 2B: Jake Long
Batting: SHB Michael Field 0-0: Ball
1-0: Ball
2-0: Ball
3-0: Called Strike
3-1: Fly out, F7 (Flyball, 78D)
Batting: LHB Weston Chaney 0-0: Ball
1-0: Ground out 4-3 (Groundball, 34)
Batting: RHB Víctor Pérez 0-0: Ball
1-0: Foul Ball, location: 2F
1-1: Ball
2-1: Called Strike
2-2: Ball
3-2: Base on Balls
Batting: RHB Millard Walker 0-0: Called Strike
0-1: Ball
1-1: Called Strike
1-2: Ball
2-2: Foul Ball, location: 2F
2-2: Ball
Víctor Pérez steals 2nd base
3-2: Fly out, F9 (Flyball, 9M)
Top of the 9th over - 0 run(s), 0 hit(s), 0 error(s), 1 left on base; South Florida 12 - Kansas 2
BOTTOM OF THE 9TH
Kansas Jayhawks batting - Pitching for South Florida Bulls : LHP Michel Bachand
Batting: RHB Ricardo Ruíz 0-0: Foul Ball, location: 2F
0-1: Called Strike
0-2: Ball
1-2: Foul Ball, location: 2F
1-2: Ball
2-2: Ball
3-2: Foul Ball, location: 2F
3-2: Base on Balls
Batting: RHB Henry Morris 0-0: Ball
1-0: Ball
2-0: Ball
3-0: Called Strike
3-1: SINGLE (Flyball, 7S)
Ricardo Ruíz to second
Batting: RHB John Stevens 0-0: Ball
1-0: Ball
2-0: Called Strike
2-1: Foul Ball, location: 2F
2-2: Ball
3-2: Base on Balls
Ricardo Ruíz to third
Henry Morris to second
Pitching: RHP James Waddell
Batting: SHB Jake Long 0-0: Called Strike
0-1: Called Strike
0-2: Ball
1-2: Ball
2-2: Foul Ball, location: 2F
2-2: Strikes out swinging
Batting: RHB Bill Wallace 0-0: Ball
1-0: Swinging Strike
1-1: SINGLE (Line Drive, 4)
Ricardo Ruíz scores
Henry Morris to third
John Stevens to second
Runner from 3rd tries for Home, SAFE, no throw or cutoff
Batting: LHB Victor Stuart 0-0: Called Strike
0-1: Fly out, F6 (Popup, 6M)
Batting: RHB Kyle Baylor 0-0: Foul Ball, location: 2F
0-1: Foul Ball, location: 2F
0-2: Fielders Choice at 2nd, 6-4 (Groundball, 6)
Bottom of the 9th over - 2 run(s), 2 hit(s), 0 error(s), 1 left on base; South Florida 12 - Kansas 4
This league is powered by Out of the Park Baseball, the baseball management simulation game for PC, Mac and Linux
Tuesday, August 2nd, 2016 - OOTP Baseball 16.8 Build 38